AoeStats
← audi

Arabia

509687816Analyzed
3v3 RM · 4d ago on Sep 27, 2026· 33m 8s· 6 players
Game mode
Random Map
Map size
Normal (6 player)
Population
200
Speed
Normal
Resources
Standard
Victory
Conquest
Starting age
Dark Age
Ending age
Imperial Age
RankedLock teamsTeams togetherTeam positionsShared explorationLock speedFull tech treeHidden civsTurbo modeCheats
Victory
Defeat
🇦🇷 Mapuche · Argentina
1258
+11
🇨🇱 Persians · Chile
1112
+17
🇦🇷 Varangians · Argentina
1029
+21
🇹🇷 Burgundians · Türkiye
1161
-17
🇹🇷 Danes · Türkiye
1145
-17
🇹🇷 Teutons · Türkiye
1115
-15
AceroCromo
7:35 Loom
9:41 Feudal Age
9:58 Champi Runner
14:24 Double-Bit Axe
16:03 Fletching
21:48 Castle Age
19:50 Horse Collar
20:01 Gold Mining
21:00 Padded Archer Armor
23:47 Bodkin Arrow
27:06 Wheelbarrow
28:02 Bow Saw
TVHG.hadess
7:17 Loom
9:04 Feudal Age
10:40 Double-Bit Axe
18:10 Horse Collar
21:56 Castle Age
20:10 Scale Barding Armor
20:49 Gold Mining
21:12 Forging
21:14 Bloodlines
23:15 Gold Shaft Mining
22:54 Bow Saw
23:47 Husbandry
25:01 Chain Barding Armor
27:47 Wheelbarrow
27:44 Heavy Plow
29:24 Iron Casting
35:47 Imperial Age
33:43 Hand Cart
LBAoE | Lord Favius
7:27 Loom
10:31 Feudal Age
14:42 Double-Bit Axe
18:08 Castle Age
17:17 Scale Barding Armor
28:39 Forging
30:01 Husbandry
31:48 Bloodlines
audi
3:24 Loom
10:29 Feudal Age
11:15 Double-Bit Axe
14:30 Wheelbarrow
13:41 Horse Collar
19:06 Castle Age
21:03 Scale Barding Armor
25:46 Bow Saw
30:33 Forging
31:17 Fletching
31:51 Chain Barding Armor
Timber
7:11 Loom
9:32 Feudal Age
9:36 Man-at-Arms
12:35 Arson
15:56 Loom
18:54 Double-Bit Axe
20:24 Fletching
25:12 Castle Age
23:16 Horse Collar
23:40 Scale Mail Armor
23:39 Gold Mining
24:34 Forging
24:58 Padded Archer Armor
26:14 Squires
26:01 Gambesons
26:33 Chain Mail Armor
26:38 Bodkin Arrow
26:59 Elite Skirmisher
32:05 Bow Saw
32:00 Heavy Plow
Janissaryyy
0:56 Loom
9:59 Wheelbarrow
11:32 Feudal Age
11:24 Double-Bit Axe
13:38 Horse Collar
16:21 Heavy Plow
19:30 Castle Age
18:09 Town Watch
18:39 Bow Saw
19:10 Gold Mining
21:21 Husbandry
21:33 Forging
21:29 Scale Barding Armor
22:05 Cavalier
Connection lost

Rejoining the realm…

Still unreachable

The connection could not be restored.

Session expired

The server has moved on; the page needs a fresh start.